 Dungeon Crawl Stone Soup version 0.27-a0-1066-g29160eaed2 (webtiles) character file.

Game seed: 7903403238806861605

77 LordDeathwing the Chopper (level 4, -6/40 HPs)
             Began as a Hill Orc Fighter on Apr 24, 2021.
             Splashed by a jelly's acid (12 damage)
             ... on level 2 of the Dungeon.
             The game lasted 00:03:20 (1730 turns).

LordDeathwing the Chopper (Hill Orc Fighter)        Turns: 1730, Time: 00:03:23

Health: -6/40      AC: -7    Str: 19    XL:     4   Next: 34%
Magic:  4/4        EV:  7    Int:  8    God:
Gold:   90         SH:  9    Dex: 10    Spells: 3/3 levels left

rFire    . . .     SeeInvis .   h - +1 war axe (venom)
rCold    . . .     Faith    .   c - +0 kite shield
rNeg     . . .     Spirit   .   b - +0 scale mail
rPois    .         Reflect  .   (no helmet)
rElec    .         Harm     .   (no cloak)
rCorr    .         Rampage  .   (no gloves)
Will     .....                  k - +0 pair of boots
Stlth    ..........             (no amulet)
HPRegen  0.13/turn              (no ring)
MPRegen  0.09/turn              (no ring)

@: corroded
A: no striking features
a: no special abilities


You were on level 2 of the Dungeon.
You visited 1 branch of the dungeon, and saw 2 of its levels.

You collected 90 gold pieces.

Inventory:

Hand Weapons
 h - a +1 war axe of venom (weapon)
Armour
 b - a +0 scale mail (worn)
 c - a +0 kite shield (worn)
 k - a +0 pair of boots (worn)
Scrolls
 i - a scroll of noise {unknown}
 j - a scroll of brand weapon {unknown}
Potions
 a - a potion of lignification {unknown}
 d - a potion of might
 e - a potion of heal wounds {unknown}
 f - a potion of attraction {unknown}
 g - a potion of degeneration {unknown}


   Skills:
 + Level 4.2 Fighting
 * Level 4.3 Axes
 + Level 3.8 Armour
 + Level 3.8 Shields


You had 3 spell levels left.
You didn't know any spells.
Your spell library contained the following spells:

 Spells                   Type           Power      Damage    Failure   Level
 Beastly Appendage        Tmut           0%         N/A       99%         1
 Wereblood                Tmut           0%         N/A       100%        2
 Spider Form              Tmut/Pois      0%         N/A       100%        3
 Ice Form                 Ice/Tmut       0%         N/A       100%        4
 Hydra Form               Tmut           0%         N/A       100%        5


Dungeon Overview and Level Annotations

Branches:
Dungeon (2/15)

Altars:


Message History

You start putting on your armour.
You continue putting on your +0 pair of boots. x4
You finish putting on your +0 pair of boots.
You open the door.
There is an open door here.
A kobold comes into view. It is wielding a +0 whip.
The kobold shouts!
The kobold throws a stone.
You block the stone.
You closely miss the kobold. You block the kobold's attack.
You hit the kobold.
You kill the kobold!
Things that are here:
a +0 whip; 5 stones; a kobold corpse You open the door.
A jelly comes into view.
The jelly quivers.
Found a bat skeleton. 8 endoplasms and a jelly come into view.
The jelly quivers.
The endoplasm quivers. x4
A nearby fungus withers and dies.
The jelly completely misses you.
Found four items.
There is an open door here.
You barely miss the jelly. The jelly barely misses you.
The jelly hits you but does no damage.
You hit the jelly. The acid corrodes you!
Your hands burn!
The jelly is moderately wounded.
You block the jelly's attack.
Something hits the fungus.
The fungus begins to die.
Something hits the fungus.
The fungus begins to die.
You hit the jelly. The acid corrodes you!
Your hands burn!
The jelly is heavily wounded.
The jelly hits you. The acid corrodes you!
You are splashed with acid!
Something hits the fungus. x3; The jelly hits you.
You are splashed with acid!
Something hits the fungus. x2
You hit the jelly but do no damage. The acid corrodes you!
Your hands burn!
* * * LOW HITPOINT WARNING * * *
The jelly is heavily wounded.
The jelly hits you.
* * * LOW HITPOINT WARNING * * *
You are splashed with acid!
You die...

#.# #.# #.# .. #.# ##. #.# ..
####### #.# ###.
##########J....÷##.####.#
..>####......##JJJPP..##.......
#..##.......#@#J.....#######.#
#..'........#.#.P.P..# #.#
#.))........#.#÷...J.# ###.#
#..)......#'#)#.PJPJ.# #...(
#..##.....#.#.#...J.÷# #.#.#
#..###....#.#.#JPPJ..# #.#..
##.#########.##.....[# ###...#
#..########## ##...#.#
###.......#### ########..#.#.#


You could see a jelly and 3 endoplasms.

Vanquished Creatures
  2 adders (D:2)
  A worm (D:2)
  3 dart slugs
  5 ball pythons
  2 bats (D:1)
  5 endoplasms (D:1)
  3 goblins
  4 hobgoblins
  4 jackals (D:1)
  7 kobolds
  A quokka (D:1)
  7 frilled lizards
  3 rats
47 creatures vanquished.

Vanquished Creatures (others)
  A fungus (D:2)
  3 plants (D:1)
  9 toadstools (D:2)
13 creatures vanquished.

Grand Total: 60 creatures vanquished

Notes
Turn   | Place    | Note
-------+----------+-------------------------------------------
     0 | D:1      | LordDeathwing the Hill Orc Fighter began the quest for the
                  | Orb.
     0 | D:1      | Reached XP level 1. HP: 19/19 MP: 1/1
   104 | D:1      | Reached XP level 2. HP: 14/27 MP: 2/2
   395 | D:1      | Reached XP level 3. HP: 17/33 MP: 3/3
  1488 | D:2      | Reached XP level 4. HP: 40/40 MP: 4/4
  1730 | D:2      | Splashed by a jelly's acid

Illustrated notes

Levels and vault maps discovered:
D:1:      denvon_arrival_planthouse, layout_rooms, minmay_cut_off
D:2:      cheibrodos_fertilizer, layout_basic

Skill      XL: |  1  2  3 |
---------------+----------+-----
Axes           | 3 4 |  4.3
Fighting       | 4 |  4.2
Armour         | |  3.8
Shields        | |  3.8

Action                   |  1- 3 |  4- 6 || total
-------------------------+-------+-------++-------
Melee: War axe           |   105 |    22 ||   127
Armor: Scale mail        |    45 |     8 ||    53
Dodge: Dodged            |    42 |     8 ||    50
Block: Kite shield       |    54 |     8 ||    62

Table legend: (Time is in decaauts)
 A = Elapsed time spent in this place.
 B = Non-inter-level travel time spent in this place.
 C = Inter-level travel time spent in this place.
 D = Time resting spent in this place.
 E = Time spent auto-exploring this place.
 F = Levels seen in this place.
 G = Mean time per level.
                   A        B        C        D        E       F      G
               +--------+--------+--------+--------+--------+-----+--------+
         Total |   1798 |   1755 |     43 |      0 |   1380 |   2 |  899.0 |
       Dungeon |   1798 |   1755 |     43 |      0 |   1380 |   2 |  899.0 |
               +--------+--------+--------+--------+--------+-----+--------+

Top non-repeatable levels by time:
     D:1: 1177 daAuts
     D:2: 621 daAuts
